Unix NetHack Version 5.0.0-0 post-release - last build May  4 2026 22:22:43 (774f63e81ad911689b3a0859ea89b322d5daca8d,branch:main).

Game began 2026-05-09 02:45:26, ended 2026-05-09 04:30:52.

2459832143, neutral male gnomish Ranger

                 -----       ------------
                #....|#######...........|
               ##|...-####   |..........|
               # |...|#%#####............#
               # --.--#  #` #|..........|#########
               #   # ##   ###...........|        #
               #######      #---------.--
 ------       #######       #         #
 |....|     ###`##          #         ##
 |...(.### #### #           #          #
 |....| ##### --|-----------#          #
 |....| @#### |..........:..#          ###
 |.....#F  ###.............|             #
 ------    #  |............|        -----.------
           ###|............|        |...........
             #-............|        |..........|
              --------------        |......^...-######%###
                                    |.<..%.....|
                                    ------------

2459832143 the Lookout       St:14 Dx:11 Co:16 In:13 Wi:13 Ch:10  Neutral
Dlvl:3  $:45 HP:0(24) Pw:13(13) AC:7  Xp:3 T:1596 

Latest messages:
 You already found a monster.  Use 'm' prefix to force another search.
 You already found a monster.  Use 'm' prefix to force another search.
 You already found a monster.  Use 'm' prefix to force another search.
 You already found a monster.  Use 'm' prefix to force another search.
 You already found a monster.  Use 'm' prefix to force another search.
 You already found a monster.  Use 'm' prefix to force another search.
 You already found a monster.  Use 'm' prefix to force another search.
 You already found a monster.  Use 'm' prefix to force another search.
 You already found a monster.  Use 'm' prefix to force another search.
 You already found a monster.  Use 'm' prefix to force another search.
 You already found a monster.  Use 'm' prefix to force another search.
 You already found a monster.  Use 'm' prefix to force another search.
 You already found a monster.  Use 'm' prefix to force another search.
 The grid bug strikes at your displaced image and misses you!
 You kill the grid bug!
 The gecko just misses!
 The gecko strikes at your displaced image and misses you!
 The gecko bites!
 The gecko strikes at your displaced image and misses you!
 The gecko strikes at your displaced image and misses you!
 You kill the gecko!
 Welcome to experience level 3.
 You see here a gecko corpse.
 You hear someone cursing shoplifters.
 You already found a monster.  Use 'm' prefix to force another search.
 You already found a monster.  Use 'm' prefix to force another search.
 You miss the gecko.
 You hit the gecko!
 You kill the gecko!
 You hear someone cursing shoplifters.
 You kill the bat!
 The bat misses!
 You miss the brown mold.
 You are suddenly very cold!
 The bat strikes at your displaced image and misses you!
 The bat bites!
 You kill the bat!
 You hit the brown mold.
 You are suddenly very cold!
 You miss the brown mold.
 You miss the brown mold.
 You are suddenly very cold!
 You hit the brown mold!
 You are suddenly very cold!
 You die...
 Do you want your possessions identified? [ynq] (y) y
 Do you want to see your attributes? [ynq] (y) n
 Do you want an account of creatures vanquished? [ynaq] (y) n
 Do you want to see your conduct and achievements? [ynq] (y) n
 Do you want to see the dungeon overview? [ynq] (y) n

Inventory:
 Coins    ('$')
  $ - 45 gold pieces
 Weapons  (')')
  i - 12 +0 arrows
  c - 52 +2 crossbow bolts (in quiver pouch)
  d - 42 +0 crossbow bolts
  b - a +1 crossbow (alternate weapon; not wielded)
  a - a +1 dagger (weapon in right hand)
 Armor    ('[')
  e - a blessed +2 cloak of displacement (being worn)
 Comestibles  ('%')
  f - 4 uncursed cram rations
  j - a cursed tripe ration
 Wands    ('/')
  q - a wand of stasis (0:2)
 Tools    ('(')
  o - a cursed magic marker (0:74)
  p - a cursed towel
 Gems/Stones  ('*')
  g - an uncursed topaz stone

2459832143 the Ranger's attributes:

Background:
 You were a Lookout, a level 3 male gnomish Ranger.
 You were neutral, nominally on a mission for Venus
 who was opposed by Mercury (lawful) and Mars (chaotic).
 You were right-handed.
 You were in the Dungeons of Doom, on level 3.
 You entered the dungeon 1596 turns ago.
 It was nighttime.
 You had 55 experience points, 25 more were needed to attain level 4.

Basics:
 You had 0 out of 24 hit points.
 You had all 13 energy points (spell power).
 Your armor class was 7.
 Your wallet contained 45 zorkmids.
 Autopickup was off.

Final Characteristics:
 Your strength was 14 (limit:18/50).
 Your dexterity was 11 (limit:18).
 Your constitution was 16 (limit:18).
 Your intelligence was 13 (limit:19).
 Your wisdom was 13 (limit:18).
 Your charisma was 10 (limit:18).

Final Status:
 You weren't hungry.
 You were unencumbered.
 You were wielding a dagger.
 You had basic skill with dagger.

Final Attributes:
 You had strayed.
 You had automatic searching.
 You had infravision.
 You were displaced.
 You were warded.
 You were unlucky.
 You are dead.

Miscellaneous:
 You didn't encounter any bones levels.
 Total elapsed playing time was 42 minutes and 41 seconds.

Major events:
 Turn
    1: 2459832143 the neutral male gnomish Ranger entered the dungeon
 1465: attained the rank of Lookout (level 3)
 1596: killed by a brown mold

You didn't know any spells.

Skills:
 Fighting Skills
   bare handed combat [Unskilled]
   riding             [Unskilled]
 Weapon Skills
   dagger             [Basic]
   knife              [Unskilled]
   axe                [Unskilled]
   pick-axe           [Unskilled]
   short sword        [Unskilled]
   morning star       [Unskilled]
   flail              [Unskilled]
   hammer             [Unskilled]
   quarterstaff       [Unskilled]
   polearms           [Unskilled]
   spear              [Unskilled]
   trident            [Unskilled]
   bow                [Unskilled]
   sling              [Unskilled]
   crossbow           [Basic]
   dart               [Unskilled]
   shuriken           [Unskilled]
   boomerang          [Unskilled]
   whip               [Unskilled]
 Spellcasting Skills
   healing spells     [Unskilled]
   divination spells  [Unskilled]
   escape spells      [Unskilled]

Voluntary challenges:
 Character rerolling was not enabled.
 You followed a strict vegan diet.
 You were an atheist.
 You never genocided any monsters.
 You never polymorphed an object.
 You never changed form.
 You used no wishes.
Achievement:
 You attained the rank of Lookout.

 The Dungeons of Doom: levels 1 to 3
    Level 1:
       Some fountains.
    Level 2:
       A sink.
    Level 3: <- You were here.
       Final resting place for
          you, killed by a brown mold.


Vanquished creatures:
  a little dog
 an acid blob
  a giant rat
  a gnome zombie
  2 geckos
  5 jackals
  a fox
  2 goblins
  a sewer rat
 11 grid bugs
  2 bats
  a lichen
  3 kobold zombies
  2 newts
34 creatures vanquished.

No species were genocided or became extinct.

Game over:
                       ----------
                      /          \
                     /    REST    \
                    /      IN      \
                   /     PEACE      \
                  /                  \
                  |    2459832143    |
                  |      45 Au       |
                  |   killed by a    |
                  |    brown mold    |
                  |                  |
                  |                  |
                  |       2026       |
                 *|     *  *  *      | *
        _________)/\\_//(\/(/\)/\//\/|_)_______

Goodbye 2459832143 the Ranger...

You died in The Dungeons of Doom on dungeon level 3 with 391 points,
and 45 pieces of gold, after 1596 moves.
You were level 3 with a maximum of 24 hit points when you died.

